MWL (24 & UNDER)
MANHATTEN MEATHEADS @ ERIE JAXX
09/01/2029
 
TOP OF THE 1ST
Manhatten Meatheads batting - Pitching for Erie Jaxx : RHP Iván Romero
Pitching: RHP Iván Romero
Batting: RHB Roberto Rodríguez 0-0: Ball
1-0: Called Strike
1-1: Ground out 5-3 (Groundball, 56)
Batting: RHB Luis Reynoso 0-0: Foul Ball, location: 2F
0-1: Ball
1-1: Called Strike
1-2: Fly out, F9 (Flyball, 9S)
Batting: LHB Brent Haynes 0-0: Called Strike
0-1: Ball
1-1: SINGLE (Line Drive, 56D)
Batting: SHB Manuel Díaz 0-0: Swinging Strike
0-1: Foul Ball, location: 2F
0-2: Ball
1-2: Strikes out swinging
Top of the 1st over - 0 runs, 1 hit, 0 errors, 1 left on base; Manhatten 0 - Erie 0
BOTTOM OF THE 1ST
Erie Jaxx batting - Pitching for Manhatten Meatheads : RHP Brian Hankins
Pitching: RHP Brian Hankins
Batting: RHB Ramón Maldonado 0-0: Ball
1-0: Ball
2-0: Foul Ball, location: 2F
2-1: Fly out, F9 (Flyball, 9)
Batting: RHB Edgardo Castro 0-0: Ball
1-0: Swinging Strike
1-1: SINGLE (Line Drive, 7LS)
Batting: RHB Shane Marshall 0-0: Ball
1-0: Fly out, F8 (Flyball, 8RM)
Batting: RHB Miguel Sánchez 0-0: Ball
1-0: Ball
2-0: DOUBLE (Groundball, 5L)
Edgardo Castro to third
Runner from 3rd tries for Home, SAFE, no throw
Batting: RHB George Medine 0-0: Ball
1-0: Ball
2-0: Called Strike
2-1: Foul Ball, location: 2F
2-2: Foul Ball, location: 2F
2-2: Ground out 3-1 (Groundball, 34)
Bottom of the 1st over - 1 run, 2 hits, 0 errors, 1 left on base; Manhatten 0 - Erie 1
TOP OF THE 2ND
Manhatten Meatheads batting - Pitching for Erie Jaxx : RHP Iván Romero
Batting: RHB Rudy Boyd 0-0: Called Strike
0-1: Ball
1-1: Fly out, F2 (Popup, 15S)
Batting: LHB Eric Dillard 0-0: Ball
1-0: Ball
2-0: Fly out, F9 (Flyball, 9D)
Batting: RHB Santiago Díaz 0-0: Called Strike
0-1: Foul Ball, location: 2F
0-2: Strikes out looking
Top of the 2nd over - 0 runs, 0 hits, 0 errors, 0 left on base; Manhatten 0 - Erie 1
BOTTOM OF THE 2ND
Erie Jaxx batting - Pitching for Manhatten Meatheads : RHP Brian Hankins
Batting: RHB Danny Morrison 0-0: Ball
1-0: Ground out 6-3 (Groundball, 6)
Batting: RHB Ed Keesee 0-0: Ball
1-0: Called Strike
1-1: Ground out 6-3 (Groundball, 6)
Batting: RHB Andrés Silva 0-0: SINGLE (Line Drive, 78M)
Batting: RHB William Wilson 0-0: Swinging Strike
0-1: Called Strike
0-2: Ball
1-2: Foul Ball, location: 2F
1-2: Strikes out swinging
Bottom of the 2nd over - 0 runs, 1 hit, 0 errors, 1 left on base; Manhatten 0 - Erie 1
TOP OF THE 3RD
Manhatten Meatheads batting - Pitching for Erie Jaxx : RHP Iván Romero
Batting: RHB Ricardo Medina 0-0: Called Strike
0-1: Ball
1-1: Bunt - Flyout! F3
Batting: RHB Juan Blanco 0-0: Ball
1-0: Called Strike
1-1: Swinging Strike
1-2: Ball
2-2: Foul Ball, location: 2F
2-2: Strikes out looking
Batting: RHB Roberto Rodríguez 0-0: Ball
1-0: Swinging Strike
1-1: Foul Ball, location: 2F
1-2: Ball
2-2: Foul Ball, location: 2F
2-2: Foul Ball, location: 2F
2-2: Foul Ball, location: 2F
2-2: Strikes out swinging
Top of the 3rd over - 0 runs, 0 hits, 0 errors, 0 left on base; Manhatten 0 - Erie 1
BOTTOM OF THE 3RD
Erie Jaxx batting - Pitching for Manhatten Meatheads : RHP Brian Hankins
Batting: RHB Ramón Maldonado 0-0: SINGLE (Groundball, 56D)
Batting: RHB Edgardo Castro 0-0: Ball
1-0: Called Strike
1-1: Foul Ball, location: 2F
1-2: Foul Ball, location: 2F
1-2: Strikes out looking
Batting: RHB Shane Marshall 0-0: Ball
1-0: SINGLE (Groundball, 34) (infield hit)
Ramón Maldonado to second
Batting: RHB Miguel Sánchez 0-0: Called Strike
0-1: Called Strike
0-2: Strikes out swinging
Batting: RHB George Medine 0-0: Ball
1-0: Called Strike
1-1: Swinging Strike
1-2: Ball
2-2: Strikes out looking
Bottom of the 3rd over - 0 runs, 2 hits, 0 errors, 2 left on base; Manhatten 0 - Erie 1
TOP OF THE 4TH
Manhatten Meatheads batting - Pitching for Erie Jaxx : RHP Iván Romero
Batting: RHB Luis Reynoso 0-0: Ground out 6-3 (Groundball, 6)
Batting: LHB Brent Haynes 0-0: Ball
1-0: Swinging Strike
1-1: Foul Ball, location: 2F
1-2: Foul Ball, location: 2F
1-2: SINGLE (Groundball, 4MD)
Batting: SHB Manuel Díaz 0-0: Ball
1-0: Foul Ball, location: 2F
1-1: Fielders Choice at 2nd, 4-6 (Groundball, 34)
Batting: RHB Rudy Boyd 0-0: Called Strike
Manuel Díaz steals 2nd base
0-1: Swinging Strike
0-2: Foul Ball, location: 2F
0-2: Fly out, F9 (Flyball, 89S)
Top of the 4th over - 0 runs, 1 hit, 0 errors, 1 left on base; Manhatten 0 - Erie 1
BOTTOM OF THE 4TH
Erie Jaxx batting - Pitching for Manhatten Meatheads : RHP Brian Hankins
Batting: RHB Danny Morrison 0-0: Ball
1-0: Called Strike
1-1: Ball
2-1: Swinging Strike
2-2: Ball
3-2: Base on Balls
Batting: RHB Ed Keesee 0-0: SINGLE (Line Drive, 56)
Danny Morrison to second
Batting: RHB Andrés Silva 0-0: Ball
1-0: Ball
2-0: Called Strike
2-1: Swinging Strike
2-2: Strikes out swinging
Batting: RHB William Wilson 0-0: Grounds into double play, 4-6-3 (Groundball, 4)
Bottom of the 4th over - 0 runs, 1 hit, 0 errors, 1 left on base; Manhatten 0 - Erie 1
TOP OF THE 5TH
Manhatten Meatheads batting - Pitching for Erie Jaxx : RHP Iván Romero
Batting: LHB Eric Dillard 0-0: SINGLE (Line Drive, 4MD)
Pitching: RHP Robbie Hopps
Batting: RHB Santiago Díaz 0-0: Foul Ball, location: 2F
0-1: Swinging Strike
0-2: Ball
1-2: Strikes out swinging
Eric Dillard steals 2nd base
Batter strikes out.
Batting: RHB Ricardo Medina 0-0: Ball
1-0: Ball
Wild Pitch!
Eric Dillard to third
2-0: Ground out 6-3 (Groundball, 56)
Batting: RHB Juan Blanco 0-0: Ball
1-0: Called Strike
1-1: Ball
2-1: Called Strike
2-2: Strikes out swinging
Top of the 5th over - 0 runs, 1 hit, 0 errors, 1 left on base; Manhatten 0 - Erie 1
BOTTOM OF THE 5TH
Erie Jaxx batting - Pitching for Manhatten Meatheads : RHP Brian Hankins
Batting: RHB Ramón Maldonado 0-0: Ball
1-0: Called Strike
1-1: Foul Ball, location: 2F
1-2: Ground out 5-3 (Groundball, 56)
Batting: RHB Edgardo Castro 0-0: Called Strike
0-1: Ball
1-1: Foul Ball, location: 2F
1-2: Ground out 6-3 (Groundball, 6)
Batting: RHB Shane Marshall 0-0: Ball
1-0: Ball
2-0: Foul Ball, location: 2F
2-1: SOLO HOME RUN (Flyball, 7LD), Distance : 340 ft
Batting: RHB Miguel Sánchez 0-0: Foul Ball, location: 2F
0-1: Foul Ball, location: 2F
0-2: Ball
1-2: Foul Ball, location: 2F
1-2: Foul Ball, location: 2F
1-2: Foul Ball, location: 2F
1-2: Ball
2-2: Ball
3-2: Fly out, F7 (Flyball, 78M)
Bottom of the 5th over - 1 run, 1 hit, 0 errors, 0 left on base; Manhatten 0 - Erie 2
TOP OF THE 6TH
Manhatten Meatheads batting - Pitching for Erie Jaxx : RHP Robbie Hopps
Batting: RHB Roberto Rodríguez 0-0: Ball
1-0: Ball
2-0: Called Strike
2-1: Foul Ball, location: 2F
2-2: SINGLE (Groundball, 34) (infield hit)
Batting: RHB Luis Reynoso 0-0: Called Strike
0-1: Fielders Choice at 2nd, 6-4 (Groundball, 6)
Batting: LHB Brent Haynes 0-0: Ball
1-0: Ball
2-0: Called Strike
Luis Reynoso is caught stealing 2nd base
2-1: Swinging Strike
2-2: Ball
3-2: SINGLE (Groundball, 56D)
Batting: SHB Manuel Díaz 0-0: Ball
1-0: Ball
2-0: Foul Ball, location: 2F
2-1: Swinging Strike
2-2: Foul Ball, location: 2F
2-2: Foul Ball, location: 2F
2-2: Fly out, F8 (Flyball, 78M)
Top of the 6th over - 0 runs, 2 hits, 0 errors, 1 left on base; Manhatten 0 - Erie 2
BOTTOM OF THE 6TH
Erie Jaxx batting - Pitching for Manhatten Meatheads : RHP Brian Hankins
Batting: RHB George Medine 0-0: Ground out 3-1 (Groundball, 34S)
Batting: RHB Danny Morrison 0-0: Ball
1-0: Foul Ball, location: 2F
1-1: Ball
2-1: Ball
3-1: Base on Balls
Batting: RHB Ed Keesee 0-0: Ball
1-0: Ball
2-0: Ground out 4-3 (Groundball, 4MS)
Danny Morrison to second
Batting: RHB Andrés Silva 0-0: Ball
1-0: Ball
2-0: Ball
3-0: Called Strike
3-1: Foul Ball, location: 2F
3-2: SINGLE (Line Drive, 4MD)
Danny Morrison to third
Danny Morrison scores
Batting: RHB William Wilson 0-0: Ball
1-0: SINGLE (Line Drive, 8RS)
Andrés Silva to second
Batting: RHB Ramón Maldonado 0-0: Ball
1-0: Ball
2-0: Foul Ball, location: 2F
2-1: Ball
3-1: Called Strike
3-2: SINGLE (Line Drive, 6MD)
Andrés Silva to third
William Wilson to second
Andrés Silva scores
William Wilson to third
Pitching: RHP Carlos Castro
Batting: RHB Edgardo Castro 0-0: Ball
1-0: Called Strike
1-1: Ball
2-1: Ball
3-1: Called Strike
3-2: SINGLE (Flyball, 9S)
William Wilson scores
Ramón Maldonado to second
Ramón Maldonado to third
Batting: RHB Shane Marshall 0-0: Ball
1-0: Called Strike
1-1: Foul Ball, location: 2F
1-2: Foul Ball, location: 2F
1-2: Ball
2-2: Strikes out swinging
Bottom of the 6th over - 3 runs, 4 hits, 0 errors, 2 left on base; Manhatten 0 - Erie 5
TOP OF THE 7TH
Manhatten Meatheads batting - Pitching for Erie Jaxx : RHP Robbie Hopps
Batting: RHB Rudy Boyd 0-0: Called Strike
0-1: Ball
1-1: Foul Ball, location: 2F
1-2: Strikes out looking
Batting: LHB Eric Dillard 0-0: Ball
1-0: Called Strike
1-1: Ball
2-1: Foul Ball, location: 2F
2-2: Ground out 5-3 (Groundball, 56)
Batting: RHB Santiago Díaz 0-0: Ball
1-0: Ball
2-0: Called Strike
2-1: Swinging Strike
2-2: Ball
3-2: Foul Ball, location: 2F
3-2: Strikes out looking
Top of the 7th over - 0 runs, 0 hits, 0 errors, 0 left on base; Manhatten 0 - Erie 5
BOTTOM OF THE 7TH
Erie Jaxx batting - Pitching for Manhatten Meatheads : RHP Carlos Castro
Batting: RHB Miguel Sánchez 0-0: Swinging Strike
0-1: Ball
1-1: Foul Ball, location: 2F
1-2: Foul Ball, location: 2F
1-2: Ball
2-2: Strikes out swinging
Batting: RHB George Medine 0-0: Ball
1-0: SOLO HOME RUN (Flyball, 7LD), Distance : 323 ft
Batting: RHB Danny Morrison 0-0: Foul Ball, location: 2F
0-1: Ground out 1-3 (Groundball, 13)
Batting: RHB Ed Keesee 0-0: Called Strike
0-1: Fly out, F9 (Flyball, 9D)
Bottom of the 7th over - 1 run, 1 hit, 0 errors, 0 left on base; Manhatten 0 - Erie 6
TOP OF THE 8TH
Manhatten Meatheads batting - Pitching for Erie Jaxx : RHP Robbie Hopps
Pitching: RHP Javier Bustamante
Batting: RHB Ricardo Medina 0-0: Swinging Strike
0-1: Called Strike
0-2: Strikes out swinging, 2-3 out at first.
Batting: RHB Juan Blanco 0-0: Ball
1-0: Foul Ball, location: 2F
1-1: Swinging Strike
1-2: Strikes out swinging
Batting: RHB Roberto Rodríguez 0-0: Called Strike
0-1: Ball
1-1: Ball
2-1: Ground out 6-3 (Groundball, 6)
Top of the 8th over - 0 runs, 0 hits, 0 errors, 0 left on base; Manhatten 0 - Erie 6
BOTTOM OF THE 8TH
Erie Jaxx batting - Pitching for Manhatten Meatheads : RHP Carlos Castro
Batting: RHB Andrés Silva 0-0: Ball
1-0: Ball
2-0: Ball
3-0: Called Strike
3-1: Base on Balls
Batting: RHB William Wilson 0-0: Called Strike
0-1: Ball
1-1: DOUBLE (Line Drive, 7LM)
Andrés Silva to third
Batting: RHB Ramón Maldonado 0-0: Called Strike
0-1: Ball
1-1: Foul Ball, location: 2F
1-2: Ball
2-2: Foul Ball, location: 2F
2-2: Strikes out swinging
Batting: RHB Edgardo Castro 0-0: Ball
1-0: Called Strike
1-1: Fly out, F8 (Flyball, 8LS)
Runner from 3rd tags up, SCORES, no throw
Batting: RHB Shane Marshall 0-0: Ball
1-0: Called Strike
1-1: Ball
2-1: Foul Ball, location: 2F
2-2: Ground out 4-3 (Groundball, 4)
Bottom of the 8th over - 1 run, 1 hit, 0 errors, 1 left on base; Manhatten 0 - Erie 7
TOP OF THE 9TH
Manhatten Meatheads batting - Pitching for Erie Jaxx : RHP Javier Bustamante
Batting: RHB Luis Reynoso 0-0: Foul Ball, location: 2F
0-1: Swinging Strike
0-2: Ball
1-2: Foul Ball, location: 2F
1-2: Strikes out swinging
Batting: LHB Brent Haynes 0-0: Ball
1-0: Ball
2-0: Ball
3-0: Base on Balls
Batting: SHB Manuel Díaz 0-0: Ball
1-0: Swinging Strike
1-1: Swinging Strike
1-2: Ball
2-2: Strikes out looking
Batting: RHB Rudy Boyd 0-0: Ball
1-0: Foul Ball, location: 2F
1-1: Ball
2-1: Foul Ball, location: 2F
2-2: Ball
3-2: Ground out 6-3 (Groundball, 6S)
Top of the 9th over - 0 runs, 0 hits, 0 errors, 1 left on base; Manhatten 0 - Erie 7
Saturday, December 16th, 2017 - OOTP Baseball 18.8 Build 76